Map: Abyssal Reef LE

Players

Yata - Winner!

  • Race: Zerg Zerg
  • League: Silver
  • Spawn Location: 5:00

A.I. 1 (Harder)

  • Race: Terran Terran
  • Spawn Location: 11:00

VOD

Have the link to the VOD?

Description

Time

  • Played on: July 17, 2017, 9:14 p.m.
  • Length: 10:48
Show
View Real Time Build Order
Export as new Build Order

Yata Zerg - Winner!

Build Orders: Hatch First 

Get SALT Encoding   

  12  0:01  Drone  
  13  0:14  Overlord  
  13  0:19  Drone  
  14  0:36  Drone x2  
  14  0:38  Drone  
  17  0:59  Hatchery  
  16  1:04  Drone x2  
  18  1:18  Extractor  
  17  1:20  Spawning Pool  
  16  1:30  Drone x2  
  16  1:31  Drone  
  19  1:44  Overlord  
  19  1:52  Drone  
  20  2:04  Drone  
  20  2:07  Queen  
  23  2:11  Queen  
  23  2:14  Overlord  
  25  2:22  Metabolic Boost  
  25  2:25  Zergling x4  
  27  2:33  Drone x2  
  27  2:35  Drone  
  30  2:44  Drone  
  31  2:52  Drone  
  32  3:03  Queen  
  32  3:05  Drone x2  
  35  3:06  Hatchery  
  34  3:22  Drone  
  34  3:23  Drone x5  
  34  3:24  Drone  
  41  3:31  Baneling Nest  
  40  3:37  Pneumatized Carapace  
  40  3:53  Hatchery  
  39  4:08  Drone x3  
  39  4:09  Drone x2  
  44  4:10  Overlord x3  
  44  4:24  Baneling x2  
  44  4:30  Lair  
  44  4:32  Drone  
  44  4:33  Drone x6  
  44  4:35  Overlord  
  44  4:36  Overlord  
  51  4:51  Drone x4  
  55  4:54  Zergling x8  
  58  5:08  Queen  
  60  5:20  Zergling x2  
  64  5:21  Zergling x22  
  64  5:27  Extractor  
  71  5:29  Queen  
  73  5:53  Spire  
  72  6:03  Baneling  
  72  6:04  Baneling x4  
  63  6:28  Zergling x20  
  63  6:29  Zergling x34  
  80  6:52  Queen  
  80  6:54  Drone  
  80  6:55  Drone x7  
  80  6:57  Overlord x3  
  87  7:17  Mutalisk  
  87  7:18  Mutalisk x3  
  95  7:25  Overseer  
  94  7:35  Drone x5  
  94  7:36  Drone x3  
  80  8:23  Zergling x4  
  80  8:24  Zergling x46  
  105  8:41  Zerg Flyer Weapons Level 1  
  105  8:51  Evolution Chamber  
  105  8:53  Drone  
  105  9:00  Mutalisk x3  
  96  9:57  Zergling x2  
  96  9:58  Zergling x48  
Show
View Real Time Build Order
Export as new Build Order

A.I. 1 (Harder) Terran 

Build Orders: MMM Bio 

Get SALT Encoding   

  12  0:00  SCV  
  13  0:13  SCV  
  14  0:18  Supply Depot  
  14  0:25  SCV  
  15  0:40  SCV  
  16  0:43  Barracks  
  16  0:49  Refinery  
  16  0:52  SCV  
  17  1:04  SCV  
  18  1:16  SCV  
  19  1:21  Supply Depot  
  19  1:29  SCV  
  19  1:30  Marine  
  21  1:41  Barracks, Orbital Command  
  21  1:49  Refinery, Barracks Tech Lab  
  21  2:07  Supply Depot, Marine  
  22  2:25  Marine  
  22  2:28  Marine  
  24  2:43  Marine  
  25  2:45  Supply Depot, Marine  
  26  3:01  Marine  
  26  3:03  Marine  
  28  3:19  Marauder  
  30  3:21  Marine  
  30  3:22  Supply Depot  
  30  3:24  SCV  
  32  3:36  SCV  
  32  3:37  Engineering Bay  
  32  3:39  Marine  
  32  3:41  Marauder  
  36  3:48  SCV  
  37  4:00  SCV  
  37  4:02  Marauder  
  40  4:04  Supply Depot  
  39  4:12  SCV  
  40  4:23  Marauder  
  42  4:25  SCV  
  43  4:37  SCV  
  44  4:45  Marauder  
  46  5:06  Marauder  
  47  5:28  Marauder  
  49  5:44  Barracks Tech Lab  
  49  5:45  Terran Infantry Weapons Level 1, Stimpack  
  49  5:46  Factory  
  49  5:49  Factory  
  49  5:52  Command Center  
  49  6:02  Combat Shields  
  44  6:30  Marine  
  44  6:32  Factory Tech Lab  
  37  6:33  Starport  
  37  6:35  Factory Tech Lab, Starport  
  36  6:40  Marine  
  37  6:50  Cyclone  
  32  7:00  Marine  
  33  7:05  SCV x2  
  35  7:10  Marine  
  35  7:12  Refinery, Starport Tech Lab x2, Hellion  
  36  7:17  SCV  
  36  7:18  SCV  
  33  7:23  Hellion  
  33  7:27  Marine  
  33  7:29  SCV  
  35  7:34  Hellion  
  23  7:39  Terran Infantry Armor Level 1, Marauder  
  23  7:44  Refinery  
  21  7:48  Marine  
  17  7:58  Viking  
  19  8:06  Command Center  
  19  8:08  Siege Tank  
  21  8:18  Viking  
  23  8:28  Marine  
  24  8:34  SCV  
  24  8:38  Marine  
  26  8:46  SCV  
  27  8:58  SCV  
  28  9:10  SCV, Marine  
  30  9:20  SCV  
  29  9:31  SCV  
  23  9:59  SCV  
  24  10:18  SCV  
Tags
 
Composition
MMM Bio
League
Silver
Matchup
TvZ
Replay Pack
Pack 1
Spawn Locations
Cross Positions
Add a new tag
Caveats
  • Supply blocks, unpowered buildings, or Contaminate may cause inaccurate times.
  • Supply counts are checked every 10 seconds.